 Dungeon Crawl Stone Soup version 0.20.1-1-g8b1a95d (webtiles) character file.

305494 Cral the Severer (level 20, 0/176 HPs)
             Began as a Demonspawn Gladiator on July 20, 2017.
             Was the Champion of Ashenzari.
             Slain by a death knight
             ... wielding a +4 battleaxe
              (37 damage)
             ... while paralysed by an ogre mage
             ... on level 3 of the Vaults.
             The game lasted 02:41:26 (64784 turns).

Cral the Severer (Demonspawn Gladiator)            Turns: 64784, Time: 02:41:27

Health: 0/176      AC: 28    Str: 18    XL:     20   Next: 28%
Magic:  26/27      EV:  2    Int: 18    God:    Ashenzari [******]
Gold:   297        SH:  0    Dex: 15    Spells: 2/29 levels left

rFire    . . .     SeeInvis +   y - +3 broad axe of Bopad {venom, *Rage rC+ rN++} (curse)
rCold    + . .     Gourm    .   a - +2 shield {AC+3} (curse)
rNeg     + + +     Faith    .   k - +8 scale mail of Trial and Error {rElec Int+3 Stlth+} (curse)
rPois    +         Spirit   .   (helmet unavailable)
rElec    +         Reflect  .   x - scarf {repulsion} (curse)
rCorr    .         Harm     .   c - +0 pair of gloves (curse)
MR       +....     Clarity  +   X - +0 pair of boots (curse)
Stlth    ++++......             E - amulet of magic regeneration (curse)
Regen    0.4/turn               s - ring "Bomun" {rN++ EV+3} (curse)
MPRegen  0.3/turn               D - ring of wizardry (curse)

@: paralysed, singing, repel missiles
A: horns 3, slimy green scales 3, demonic guardian 1, nightstalker 3, robust 1
}: 2/15 runes: decaying, gossamer
a: Curse Item, Scrying, Transfer Knowledge, Renounce Religion


You were on level 3 of the Vaults.
You worshipped Ashenzari.
Ashenzari was exalted by your worship.
You were very hungry.

You visited 8 branches of the dungeon, and saw 36 of its levels.

You collected 2991 gold pieces.
You spent 2694 gold pieces at shops.

Inventory:

Hand Weapons
 y - the cursed +3 broad axe of Bopad (weapon) {venom, *Rage rC+ rN++}
   (You found it on level 6 of the Lair of Beasts)

   It poisons the flesh of those it strikes.
   It protects you from cold.
   It greatly protects you from negative energy.
   It may make you go berserk in combat.
   It has a curse placed upon it.
Armour
 a - a cursed +2 shield of protection (worn)
 c - a cursed +0 pair of gloves (worn)
 k - the cursed +8 scale mail of Trial and Error (worn) {rElec Int+3 Stlth+}
   (You bought it in a shop on level 11 of the Dungeon)

   It affects your intelligence (+3).
   It insulates you from electricity.
   It makes you more stealthy.
   It has a curse placed upon it.
 x - a cursed scarf of repulsion (worn)
 X - a cursed +0 pair of boots (worn)
Jewellery
 s - the cursed ring "Bomun" (left hand) {rN++ EV+3}
   (You found it on level 4 of the Dungeon)

   [ring of evasion]

   It affects your evasion (+3).
   It greatly protects you from negative energy.
   It has a curse placed upon it.
 D - a cursed ring of wizardry (right hand)
 E - a cursed amulet of magic regeneration (around neck)
 Z - an uncursed ring of resist corrosion
Wands
 b - a wand of digging (10/24)
 e - a wand of polymorph (5/24)
 u - a wand of iceblast (8/15)
 F - a wand of scattershot (2/9)
 G - a wand of paralysis (4/24)
 I - a wand of disintegration (8/24)
 P - a wand of iceblast (4/15)
 V - a wand of confusion (6/48)
 W - a wand of confusion (24/48)
Scrolls
 d - 6 scrolls of identify
 n - 9 scrolls of immolation
 q - 2 scrolls of blinking
 w - 7 scrolls of amnesia
 z - 12 scrolls of remove curse
 A - 6 scrolls of enchant armour
 B - 11 scrolls of teleportation
 C - 2 scrolls of enchant weapon
 H - a scroll of silence
 J - 2 scrolls of summoning
 L - a scroll of fear
 M - 4 scrolls of magic mapping
 R - 2 scrolls of fog
 S - 2 scrolls of brand weapon
Potions
 g - 8 potions of ambrosia
 h - 3 potions of brilliance
 i - 3 potions of invisibility
 j - 4 potions of haste
 l - 10 potions of curing
 o - 9 potions of heal wounds
 p - 2 potions of cancellation
 r - 4 potions of might
 K - 4 potions of berserk rage
 N - 6 potions of flight
 O - 2 potions of agility
 T - 2 potions of magic
 U - 2 potions of resistance
Books
 Y - a book of the Earth

   Spells                             Type                      Level
   a - Leda's Liquefaction            Hexes/Earth                  4
   b - Bolt of Magma                  Conjuration/Fire/Earth       5
   c - Statue Form                    Transmutation/Earth          6
   d - Iron Shot                      Conjuration/Earth            6
   e - Shatter                        Earth                        9
Miscellaneous
 m - a lightning rod (4/4)
 Q - 2 boxes of beasts
Comestibles
 f - 6 bread rations
 t - 33 royal jellies
 v - 11 meat rations


   Skills:
 - Level 14.3 Fighting
 - Level 16.1(20.0) Axes
 - Level 1.7 Throwing
 - Level 11.0(15.2) Armour
 - Level 10.3(14.6) Dodging
 - Level 12.6(15.3) Shields
 - Level 5.1 Spellcasting
 - Level 7.0(11.5) Conjurations
 - Level 4.0(8.2) Charms
 - Level 4.2(8.5) Necromancy
 - Level 2.3(5.8) Translocations
 - Level 0.3(1.7) Fire Magic
 - Level 2.9(6.7) Air Magic
 + Level 15.5(19.5) Earth Magic
 - Level 1.2(3.9) Poison Magic
 - Level 7.2(11.7) Evocations


You had 2 spell levels left.
You knew the following spells:

 Your Spells              Type           Power        Failure   Level  Hunger
a - Blink                 Tloc           N/A          1%          2    #......
b - Magic Dart            Conj           ####         1%          1    None
c - Conjure Flame         Conj/Fire      ####....     2%          3    ##.....
d - Mephitic Cloud        Conj/Pois/Air  ####....     1%          3    ##.....
e - Swiftness             Chrm/Air       ####....     1%          2    #......
f - Shroud of Golubria    Chrm/Tloc      ####......   1%          2    #......
g - Regeneration          Chrm/Necr      ####......   1%          3    ##.....
h - Iron Shot             Conj/Erth      ######....   3%          6    #######
i - Stone Arrow           Conj/Erth      ######       1%          3    ##.....
j - Song of Slaying       Chrm           ####....     1%          2    #......


Dungeon Overview and Level Annotations

Branches:
Dungeon (15/15)            Temple (1/1) D:4            Lair (6/6) D:9
  Swamp (4/4) Lair:2       Spider (4/4) Lair:2        Slime (0/5) Lair:6
    Orc (2/2) D:12            Elf (1/3) Orc:2        Vaults (3/5) D:13
  Crypt (0/3) Vaults:2     Depths (0/5) D:15

Altars:
Ashenzari
Cheibriados
Dithmenos
Elyvilon
Fedhas
Gozag
Hepliaklqana
Kikubaaqudgha
Makhleb
Nemelex Xobeh
Okawaru
Qazlal
Ru
Sif Muna
Trog
Uskayaw
Vehumet
Xom
Yredelemnul
Zin
The Shining One

Shops:
D:7 =   D:9 %   D:11 [   Orc:2 :==?   Vaults:1 !*   Vaults:3 (

Portals:
Trove: Vaults:1 (give 9 potions of agility)

Annotations:
D:2 Sigmund
D:7 Prince Ribbit


Innate Abilities, Weirdness & Mutations

You have a pair of large horns on your head.
You are completely covered in slimy green scales. (AC +4, rPois)
A weak demonic guardian rushes to your aid.
You are completely attuned to the shadows.
You are robust. (+10% HP)


Message History

The harpy claws you.
* * * LOW HITPOINT WARNING * * *
The harpy claws you.
* * * LOW HITPOINT WARNING * * *
The centaur unwields an uncursed shortbow of velocity.
The centaur hits you but does no damage.
The ogre mage gestures at the ogre while chanting.
The ogre seems to speed up.
The centaur hits you but does no damage.
The ogre mage gestures at you while chanting.
The bolt of lightning hits the centaur.
Helpless, you fail to dodge the bolt of lightning.
You resist.
* * * LOW HITPOINT WARNING * * *
Helpless, you fail to dodge the bolt of lightning.
You resist.
* * * LOW HITPOINT WARNING * * *
The harpy claws you but does no damage. x2
The death knight hits you with an enchanted battleaxe!!!
You die...

#....#..#. *** *
#....#..#. *
*****, , ,
#######'####**##
, ,,,* , ,,,
+........# *+ *
,.....#........#
,* ,
,,....W#........#
,, ,
,,...OC#........#
+* ** *
...Hp#........#
,, ,
..Oc@+........#
**
######........#
##########


You could see a death knight, an ettin, an ogre mage, a freezing wraith, a
harpy, an ogre and a centaur.

Vanquished Creatures
  Nikola (Swamp:1)
  Asterion (Spider:2)
  The ghost of Gargoyl the Tortoise, an adept MiAK of Lugonu (Spider:3)
  Agnes (D:14)
  3 thorn hunters
  Donald (Elf:1)
  3 deep elf sorcerers (Vaults:2)
  An azure jelly (Lair:6)
  Aizul (Spider:4)
  Louise (Spider:1)
  3 ghost moths
  3 vault wardens
  4 emperor scorpions
  7 ironheart preservers
  7 entropy weavers
  2 stone giants (Vaults:3)
  Nessos (Orc:1)
  The ghost of Gargoyl the Tortoise, a journeyman MiAK of Lugonu (Lair:6)
  A deep elf demonologist (Elf:1)
  A deep elf annihilator (Vaults:2)
  4 dire elephants
  A spark wasp (Spider:2)
  Josephine (D:11)
  4 yaktaur captains
  2 great orbs of eyes
  3 rakshasas
  25 hydras
  Harold (Lair:1)
  An anaconda (Lair:6)
  A vault guard (Vaults:3)
  6 death yaks
  9 dancing weapons
  6 centaur warriors
  A satyr (Swamp:3)
  3 death knights
  30 two-headed ogres
  3 deep troll shamans
  9 alligators
  7 ogre magi
  A tengu warrior (D:14)
  3 orc high priests
  Sonja (D:12)
  A storm dragon zombie (Vaults:2)
  11 deep elf knights
  12 skeletal warriors
  3 shadow wraiths
  A hell knight (Vaults:3)
  6 deep trolls
  A glowing orange brain (shapeshifter) (D:15)
  4 spriggan druids
  2 unseen horrors
  10 swamp dragons
  5 deep elf archers
  4 glowing orange brains
  3 necromancers
  3 shambling mangroves
  An orb spider (shapeshifter) (Vaults:2)
  7 ironbrand convokers
  A wolf spider zombie (D:14)
  9 harpies (Vaults:1)
  6 orc knights
  A phantasmal warrior (D:13)
  Pikel (D:4)
  26 wolf spiders
  14 orb spiders
  34 ugly things
  7 orc sorcerers
  20 deep elf magi
  6 manticores
  2 oklob plants
  10 cyclopes
  A moth of wrath (Spider:4)
  17 elephants
  A salamander (shapeshifter) (D:14)
  A fire giant skeleton (Vaults:3)
  The ghost of dion0 the Magician, a novice GrIE (D:6)
  A guardian serpent (shapeshifter) (D:14)
  Maurice (D:11)
  Joseph (D:9)
  6 black mambas
  4 vault sentinels
  A gargoyle (D:12)
  6 centaur skeletons
  3 torpor snails
  22 spiny frogs
  A kobold demonologist (D:15)
  A spiny frog (shapeshifter) (D:15)
  A yaktaur zombie (Vaults:2)
  4 rime drakes
  5 komodo dragons
  An efreet (D:14)
  12 yaktaurs
  A yaktaur skeleton (Vaults:2)
  11 demonic crawlers
  4 freezing wraiths
  8 trolls
  2 polar bears (Lair:6)
  10 tyrant leeches
  32 jumping spiders
  A merfolk (D:11)
  A meliai (shapeshifter) (D:15)
  25 slime creatures
  2 hornets (shapeshifter)
  A shadow dragon simulacrum (Vaults:3)
  20 hornets
  6 dream sheep (Lair:6)
  25 blink frogs
  10 hippogriffs
  2 meliai zombies
  An ettin zombie (Vaults:3)
  14 bog bodies
  3 air elementals (Elf:1)
  9 spriggans
  3 shadows
  A centaur simulacrum (D:14)
  71 redbacks
  3 water elementals
  An ettin skeleton (Vaults:3)
  6 wraiths
  64 yaks
  32 tarantellas
  2 vampires
  5 basilisks
  2 hungry ghosts
  5 fire elementals
  2 steam dragons
  31 vampire mosquitoes
  2 human simulacra
  7 wargs
  3 acid dragons
  4 insubstantial wisps (Swamp:3)
  An elf skeleton (Vaults:1)
  25 swamp worms
  13 water moccasins
  2 hell hounds (Orc:2)
  11 porcupines
  A hornet zombie (D:15)
  13 swamp drakes
  24 orc warriors
  A slave (D:4)
  A black bear (D:12)
  2 eyes of draining
  2 necrophages
  An eye of draining (shapeshifter) (Vaults:3)
  4 ice beasts
  2 phantoms (D:9)
  18 ogres
  4 sky beasts
  An ettin simulacrum (Vaults:3)
  A black bear (shapeshifter) (Vaults:3)
  5 boggarts (Vaults:2)
  9 centaurs
  4 human skeletons
  11 wolves
  15 crocodiles
  20 bullfrogs
  4 big kobolds
  An earth elemental (Elf:1)
  A wyvern zombie (D:12)
  A glowing shapeshifter simulacrum (Vaults:1)
  A wyvern skeleton (D:11)
  4 scorpions
  29 killer bees
  20 wights
  An electric eel (D:13)
  5 howler monkeys
  6 crimson imps
  8 jellies
  A quasit (D:10)
  2 bullfrog zombies
  4 centaur zombies
  23 orc wizards
  8 hounds
  11 orc priests
  An iron imp (D:5)
  7 iguanas
  9 worker ants
  A hound zombie (D:5)
  A howler monkey zombie (D:5)
  4 gnolls (Orc:1)
  20 adders
  A shadow imp (D:12)
  3 oozes
  2 adder zombies
  2 adder skeletons
  11 worms
  6 leopard geckos
  62 orcs
  5 ball pythons
  7 giant cockroaches
  7 goblins
  4 hobgoblins
  7 jackals
  10 quokkas
  11 bats
  7 frilled lizards
  A giant cockroach zombie (D:5)
  2 goblin skeletons (D:5)
  2 goblin zombies (D:5)
  A hobgoblin zombie (D:5)
  23 kobolds
  3 kobold zombies (D:5)
  A leopard gecko skeleton (D:7)
  An orc zombie (D:5)
  A quokka zombie (D:8)
  6 rats
  A briar patch (Swamp:4)
  8 fungi
  9 plants
1468 creatures vanquished.

Vanquished Creatures (collateral kills)
  Gastronok (Lair:2)
  Roxanne (Elf:1)
  A fire giant (Vaults:3)
  A ghost moth (Spider:1)
  An ironheart preserver (Vaults:3)
  Azrael (Orc:2)
  Snorg (Lair:5)
  An ogre mage (Vaults:1)
  A centaur warrior (D:14)
  2 two-headed ogres
  A deep troll shaman (Vaults:3)
  5 deep elf magi (Elf:1)
  A wolf spider (Vaults:3)
  An orb spider (Spider:4)
  A cyclops (D:14)
  Psyche (D:9)
  A vault sentinel (Vaults:3)
  A spiny frog (Lair:1)
  A kobold demonologist (D:15)
  A komodo dragon (Lair:4)
  A queen bee (Lair:3)
  A hornet (Spider:4)
  A tarantella (Spider:4)
  6 yaks
  A basilisk (Lair:2)
  The ghost of Cral the Chopper, an amateur DsGl (D:4)
  An ice beast (D:6)
  A sky beast (D:4)
  An ogre (D:5)
  A centaur (D:9)
  A bullfrog (D:8)
  A killer bee (D:7)
  A wight (D:15)
  A howler monkey (D:11)
  2 crimson imps
  A hound (D:8)
  An orc wizard (Temple)
  2 iguanas (D:9)
  An adder (D:6)
  2 leopard geckos
  4 orcs
  A kobold (D:13)
  A fungus (D:13)
59 creatures vanquished.

Vanquished Creatures (others)
  A swamp worm (Swamp:3)
  A swamp drake (Swamp:4)
  2 orc wizards
  A quokka (D:4)
  A briar patch (Swamp:4)
  20 fungi
  22 plants
  10 toadstools (Swamp:1)
58 creatures vanquished.

Grand Total: 1585 creatures vanquished

Notes
Turn   | Place    | Note
-------+----------+-------------------------------------------
     0 | D:1      | Cral the Demonspawn Gladiator began the quest for the Orb.
     0 | D:1      | Reached XP level 1. HP: 16/16 MP: 1/1
   311 | D:1      | Reached skill level 3 in Axes
   342 | D:1      | Gained mutation: You have a pair of small horns on your head. [demonic ancestry]
   342 | D:1      | Reached XP level 2. HP: 10/22 MP: 2/2
   987 | D:1      | Reached XP level 3. HP: 24/27 MP: 3/3
  1225 | D:2      | Reached skill level 4 in Axes
  1570 | D:2      | Reached XP level 4. HP: 28/33 MP: 4/4
  1792 | D:2      | Noticed Sigmund
  2181 | D:4      | Reached skill level 5 in Axes
  2208 | D:4      | Gained mutation: A weak demonic guardian rushes to your aid. [demonic ancestry]
  2208 | D:4      | Reached XP level 5. HP: 33/38 MP: 5/5
  2221 | D:4      | Found a staircase to the Ecumenical Temple.
  2228 | Temple   | Entered the Ecumenical Temple
  2394 | Temple   | Became a worshipper of Ashenzari the Shackled
  2506 | D:4      | You fall through a shaft for 3 floors!
  2572 | D:5      | Entered Level 5 of the Dungeon
  2580 | D:4      | Noticed Pikel
  2580 | D:4      | Noticed a slave
  2580 | D:4      | Noticed a slave
  2581 | D:4      | Noticed a slave
  2583 | D:4      | Noticed a slave
  2681 | D:4      | Noticed Cral's ghost (amateur DsGl)
  3327 | D:2      | Reached skill level 6 in Axes
  3455 | D:2      | Gained mutation: You are partially covered in slimy green scales. (AC +2) [demonic ancestry]
  3455 | D:2      | Reached XP level 6. HP: 34/44 MP: 6/6
  4293 | D:4      | Killed a slave
  4492 | D:4      | Killed Pikel
  4492 | D:4      | Reached skill level 8 in Axes
  4492 | D:4      | Reached XP level 7. HP: 25/50 MP: 7/7
  4673 | D:4      | Killed Cral's ghost
  4967 | D:4      | Identified the ring "Bomun" {rN++ EV+3}
  5348 | D:5      | Reached * piety under Ashenzari
  5355 | D:5      | Found a glowing golden altar of the Shining One.
  5401 | D:4      | Gained mutation: You are slightly more attuned to the shadows. [demonic ancestry]
  5401 | D:4      | Reached XP level 8. HP: 54/56 MP: 10/10
  6177 | D:6      | Noticed dion0's ghost (novice GrIE)
  6254 | D:5      | HP: 1/56 [iguana (12)]
  6283 | D:5      | Noticed a hippogriff
  6628 | D:5      | Killed a hippogriff
  6628 | D:5      | Reached skill level 5 in Evocations
  7167 | D:6      | Killed dion0's ghost
  7354 | D:6      | Reached ** piety under Ashenzari
  8076 | D:7      | Noticed a hippogriff
  8077 | D:7      | Reached XP level 9. HP: 66/66 MP: 14/14
  8094 | D:7      | Learned a level 2 spell: Blink
  8129 | D:7      | Found Suwkaopo's Jewellery Emporium.
  8143 | D:7      | Reached skill level 5 in Fighting
  9303 | D:7      | Identified the +3 dagger "Anow" {drain, rC++ rN+ Dex-3}
  9309 | D:7      | Noticed Prince Ribbit
  9315 | D:7      | Learned a level 1 spell: Magic Dart
 10160 | D:8      | Noticed a two-headed ogre
 10396 | D:8      | Gained mutation: You have a pair of horns on your head. [demonic ancestry]
 10396 | D:8      | Reached XP level 10. HP: 69/83 MP: 15/15
 10575 | D:8      | Reached skill level 1 in Spellcasting
 10633 | D:9      | Noticed Psyche
 10969 | D:9      | Reached skill level 1 in Conjurations
 10969 | D:9      | Reached skill level 1 in Translocations
 11044 | D:9      | Found Feaso's Food Boutique.
 11055 | D:9      | Reached skill level 1 in Armour
 11120 | D:9      | Killed Psyche
 11980 | D:9      | Reached skill level 5 in Armour
 12007 | D:9      | Noticed Joseph
 12086 | D:8      | Killed a two-headed ogre
 12495 | D:9      | Found a staircase to the Lair.
 12526 | D:10     | Entered Level 10 of the Dungeon
 12973 | D:9      | Reached skill level 5 in Conjurations
 12980 | D:9      | Learned a level 3 spell: Conjure Flame
 13244 | D:9      | Killed Joseph
 13488 | D:9      | Noticed a two-headed ogre
 13497 | D:9      | Killed a two-headed ogre
 13497 | D:9      | Gained mutation: You have a pair of large horns on your head. [demonic ancestry]
 13497 | D:9      | Reached XP level 11. HP: 89/89 MP: 16/16
 13567 | D:8      | Reached skill level 9 in Axes
 14181 | Lair:1   | Entered Level 1 of the Lair of Beasts
 14707 | Lair:1   | Reached skill level 10 in Axes
 14721 | Lair:1   | Reached *** piety under Ashenzari
 15146 | Lair:1   | Noticed Harold
 15284 | Lair:2   | Reached skill level 5 in Dodging
 15288 | Lair:2   | Noticed Gastronok
 16053 | D:10     | Noticed Sonja
 16605 | Lair:2   | Found a hole to the Spider Nest.
 17986 | Lair:1   | Gained mutation: You are mostly covered in slimy green scales. (AC +3) [demonic ancestry]
 17986 | Lair:1   | Reached XP level 12. HP: 66/95 MP: 17/17
 19137 | Lair:1   | Reached skill level 10 in Dodging
 19661 | Lair:2   | Learned a level 3 spell: Mephitic Cloud
 19700 | Lair:2   | Killed Gastronok
 19700 | Lair:2   | Reached skill level 10 in Fighting
 20128 | Lair:2   | Found a staircase to the Swamp.
 20423 | Lair:1   | Killed Harold
 20547 | Lair:1   | Noticed a six-headed hydra
 20605 | Lair:1   | Killed a six-headed hydra
 22149 | Lair:3   | Reached **** piety under Ashenzari
 23545 | Lair:3   | Reached XP level 13. HP: 56/109 MP: 18/18
 26715 | Lair:6   | Entered Level 6 of the Lair of Beasts
 26963 | Lair:5   | Reached skill level 1 in Air Magic
 26963 | Lair:5   | Reached skill level 1 in Poison Magic
 27077 | Lair:6   | Reached ***** piety under Ashenzari
 29191 | D:11     | Found Etio's Antique Armour Shop.
 29191 | D:11     | Noticed Maurice
 29200 | D:11     | Killed Maurice
 29246 | D:11     | Bought a bloodstained plate armour for 980 gold pieces
 29246 | D:11     | Identified the +4 plate armour "Feurgh" {Str+3} (You bought it in a shop on level 11 of the Dungeon)
 29410 | D:11     | Reached skill level 11 in Axes
 29967 | D:11     | Noticed Josephine
 30237 | D:11     | Killed Josephine
 30717 | D:12     | Found a staircase to the Orcish Mines.
 31894 | D:12     | Killed Sonja
 32809 | D:13     | Reached XP level 14. HP: 103/116 MP: 19/19
 32813 | D:13     | Found a gate to the Vaults.
 34008 | Lair:6   | Reached skill level 10 in Armour
 34187 | Lair:6   | Noticed Gargoyl's ghost (journeyman MiAK)
 34341 | Lair:6   | Killed Gargoyl's ghost
 34371 | Lair:6   | Noticed an azure jelly
 34825 | Lair:6   | Noticed Snorg
 34844 | Lair:5   | Killed Snorg
 35477 | Lair:6   | Found a staircase to the Slime Pits.
 35484 | Lair:6   | Killed an azure jelly
 35484 | Lair:6   | Reached skill level 5 in Spellcasting
 35935 | Lair:6   | Identified the cursed +3 broad axe of Bopad {venom, *Rage rC+ rN++}
 36711 | Lair:6   | Reached skill level 12 in Axes
 37214 | Lair:6   | Reached skill level 1 in Shields
 37926 | D:13     | Found a sparkling altar of Nemelex Xobeh.
 37941 | D:13     | Found a blossoming altar of Fedhas.
 38431 | D:13     | Reached skill level 5 in Shields
 38460 | D:13     | Gained mutation: You are completely covered in slimy green scales. (AC +4, rPois) [demonic ancestry]
 38460 | D:13     | Reached XP level 15. HP: 121/122 MP: 22/22
 39071 | Orc:1    | Entered Level 1 of the Orcish Mines
 39071 | Orc:1    | Reached ****** piety under Ashenzari
 39479 | Orc:2    | Entered Level 2 of the Orcish Mines
 39485 | Orc:2    | Found a staircase to the Elven Halls.
 39535 | Orc:2    | Noticed Azrael
 39547 | Orc:2    | Killed Azrael
 40265 | Orc:2    | Noticed Nessos
 40398 | Orc:1    | Killed Nessos
 41162 | Orc:2    | Found Tubuim's Magic Scroll Emporium.
 41166 | Orc:2    | Found Suuffeoreicw's Jewellery Boutique.
 41170 | Orc:2    | Bought a scroll of remove curse for 30 gold pieces
 41170 | Orc:2    | Bought a scroll of remove curse for 30 gold pieces
 41425 | Orc:2    | Found Moso's Book Emporium.
 41432 | Orc:2    | Found Ilusov's Jewellery Boutique.
 41435 | Orc:2    | Bought the Collected Works on Helpful Cold for 862 gold pieces
 41438 | Orc:2    | Learned a level 2 spell: Swiftness
 41441 | Orc:2    | Learned a level 2 spell: Shroud of Golubria
 41570 | Elf:1    | Entered Level 1 of the Elven Halls
 41581 | Elf:1    | Reached skill level 1 in Charms
 41594 | Elf:1    | Found a radiant altar of Vehumet.
 42020 | Elf:1    | Learned a level 3 spell: Regeneration
 42126 | Elf:1    | Reached skill level 1 in Necromancy
 42192 | Elf:1    | Noticed Roxanne
 42307 | Elf:1    | Noticed Donald
 42377 | Elf:1    | Killed Donald
 43066 | Elf:1    | Found a deep blue altar of Sif Muna.
 43294 | Elf:1    | Killed Roxanne
 43535 | Lair:2   | Gained mutation: You are significantly more attuned to the shadows. [demonic ancestry]
 43535 | Lair:2   | Reached XP level 16. HP: 129/129 MP: 23/23
 43571 | Swamp:1  | Entered Level 1 of the Swamp
 43585 | Lair:2   | Reached skill level 10 in Shields
 43920 | Swamp:1  | Noticed Nikola
 44002 | Spider:1 | Entered Level 1 of the Spider Nest
 44186 | Spider:1 | Noticed Louise
 44201 | Spider:1 | Killed Louise
 47078 | Spider:3 | Noticed Asterion
 47358 | Spider:3 | Noticed an Executioner
 47418 | Spider:2 | Killed Asterion
 47684 | Spider:3 | Noticed Gargoyl's ghost (adept MiAK)
 47889 | Spider:3 | Killed Gargoyl's ghost
 47889 | Spider:3 | Reached skill level 13 in Axes
 48083 | Spider:3 | Identified the +1 dagger of Muig {drain, Int+2}
 48502 | Spider:4 | Entered Level 4 of the Spider Nest
 48578 | Spider:4 | Reached XP level 17. HP: 135/135 MP: 21/24
 49006 | Spider:4 | Reached skill level 14 in Axes
 49318 | Spider:4 | Noticed Aizul
 49353 | Spider:4 | HP: 5/135 [Aizul/bolt of poison (7)]
 49359 | Spider:3 | HP: 5/135 [poisoned by Aizul (poison arrow)]
 49873 | Spider:4 | Killed Aizul
 49941 | Spider:4 | Reached skill level 15 in Axes
 50131 | Spider:4 | Got a gossamer rune of Zot
 50967 | D:14     | Noticed Agnes
 50990 | D:14     | Killed Agnes
 51225 | D:14     | Reached skill level 16 in Axes
 51452 | D:11     | Bought a smelly scale mail for 315 gold pieces
 51452 | D:11     | Identified the +8 scale mail of Trial and Error {rElec Int+3 Stlth+} (You bought it in a shop on level 11 of the Dungeon)
 51594 | D:15     | Entered Level 15 of the Dungeon
 51594 | D:15     | Identified the +8 rapier "Befoskoi" {flame, Int+4}
 53215 | D:15     | Gained mutation: You are completely attuned to the shadows. [demonic ancestry]
 53215 | D:15     | Reached XP level 18. HP: 144/144 MP: 25/25
 53237 | D:15     | Found a staircase to the Depths.
 53782 | Swamp:1  | Killed Nikola
 54268 | Swamp:1  | Found an ancient bone altar of Kikubaaqudgha.
 54397 | Swamp:1  | Identified the +8 long sword of Deformation {drain, *Rage MR+ Int+3 Stlth+}
 54612 | Swamp:1  | Learned a level 6 spell: Iron Shot
 54637 | Swamp:1  | Reached skill level 1 in Earth Magic
 56528 | Swamp:3  | Reached skill level 5 in Earth Magic
 57805 | Swamp:3  | Learned a level 3 spell: Stone Arrow
 57955 | Swamp:4  | Entered Level 4 of the Swamp
 59478 | Swamp:4  | Got a decaying rune of Zot
 59905 | Vaults:1 | Entered Level 1 of the Vaults
 59984 | Vaults:1 | Gained mutation: You are robust. (+10% HP) [demonic ancestry]
 59984 | Vaults:1 | Reached XP level 19. HP: 137/168 MP: 26/26
 59993 | Vaults:1 | Paralysed by an ogre mage for 7 turns
 60232 | Vaults:1 | Reached skill level 10 in Earth Magic
 60382 | Vaults:1 | Found Roas's General Store.
 60386 | Vaults:1 | Found a portal to a secret trove of treasure.
 60387 | Vaults:1 | Bought a scroll of teleportation for 45 gold pieces
 61407 | Vaults:1 | Found Vigyihodda's Distillery.
 61544 | Vaults:2 | Paralysed by an orc sorcerer for 6 turns
 62767 | Vaults:2 | Found a staircase to the Crypt.
 62844 | Vaults:2 | Learned a level 2 spell: Song of Slaying
 63876 | Vaults:3 | Reached XP level 20. HP: 111/176 MP: 24/27
 64277 | Vaults:3 | Reached skill level 15 in Earth Magic
 64603 | Vaults:3 | Found Raikurph's Antique Weapon Shop.
 64660 | Vaults:3 | Bought a polished broad axe for 432 gold pieces
 64660 | Vaults:3 | Identified the +8 broad axe of Fundamental Breach {holy, -Tele +Inv rPois Stlth+} (You bought it in a shop on level 3 of the Vaults)
 64780 | Vaults:3 | Paralysed by an ogre mage for 4 turns
 64784 | Vaults:3 | Slain by a death knight

Skill      XL: |  1  2  3  4  5  6  7  8  9 10 11 12 13 14 15 16 17 18 19 20 |
---------------+-------------------------------------------------------------+-----
Axes           | 3 4 5 6 8 10 11 12 13 16 | 16.1
Evocations     | 3 7 |  7.2
Fighting       | 4 9 12 13 14 | 14.3
Dodging        | 3 4 9 10 | 10.3
Spellcasting   | 1 2 3 5 |  5.1
Conjurations   | 5 7 |  7.0
Translocations | 1 2 |  2.3
Armour         | 5 8 10 11 | 11.0
Air Magic      | 1 2 |  2.9
Poison Magic   | 1 |  1.2
Shields        | 5 9 12 | 12.6
Charms         | 4 |  4.0
Necromancy     | 4 |  4.2
Earth Magic    | 9 14 15 | 15.5
Throwing       | |  1.7
Fire Magic     | |  0.3

Action                   |  1- 3 |  4- 6 |  7- 9 | 10-12 | 13-15 | 16-18 | 19-21 || total
-------------------------+-------+-------+-------+-------+-------+-------+-------++-------
Melee: War axe           |    97 |   171 |   363 |   788 |   103 |       |       ||  1522
       Headbutt          |     8 |    24 |    88 |   173 |   410 |   507 |   202 ||  1412
       Battleaxe         |       |       |       |       |   784 |       |       ||   784
       Broad axe         |       |       |       |       |   728 |  2132 |   829 ||  3689
Throw: Throwing net      |       |       |     2 |     5 |     3 |       |       ||    10
       Javelin           |       |       |       |    12 |     2 |       |       ||    14
 Cast: Blink             |       |       |       |    32 |    21 |     9 |     1 ||    63
       Magic Dart        |       |       |       |   116 |    26 |     4 |       ||   146
       Conjure Flame     |       |       |       |    23 |     6 |     1 |       ||    30
       Mephitic Cloud    |       |       |       |       |    15 |     1 |       ||    16
       Shroud of Golubri |       |       |       |       |     5 |    34 |    21 ||    60
       Regeneration      |       |       |       |       |       |    34 |    16 ||    50
       Swiftness         |       |       |       |       |       |     1 |     1 ||     2
       Stone Arrow       |       |       |       |       |       |    48 |       ||    48
       Iron Shot         |       |       |       |       |       |     3 |     1 ||     4
       Song of Slaying   |       |       |       |       |       |       |    10 ||    10
Invok: Curse Item        |       |     1 |     2 |     2 |     4 |     3 |       ||    12
       Scrying           |       |       |       |       |       |     1 |     2 ||     3
Evoke: Wand              |       |     2 |    13 |    17 |    26 |    41 |       ||    99
       Box of beasts     |       |       |       |       |     2 |       |       ||     2
  Use: Scroll            |       |     4 |     6 |    12 |    25 |    13 |       ||    60
       Potion            |       |     1 |     3 |     2 |     2 |     2 |     1 ||    11
 Stab: Invisible         |       |     2 |       |       |       |       |       ||     2
       Distracted        |       |       |     2 |     8 |    14 |    21 |     7 ||    52
       Sleeping          |       |       |     1 |     4 |     1 |     9 |    11 ||    26
       Held in net/web   |       |       |     1 |       |       |     2 |       ||     3
       Paralysed         |       |       |       |    24 |       |     3 |       ||    27
       Confused          |       |       |       |     2 |    13 |     5 |       ||    20
  Eat: Chunk             |     2 |     8 |    19 |    33 |    35 |    32 |    12 ||   141
       Fruit             |       |     1 |       |     2 |    11 |    21 |       ||    35
       Bread ration      |       |       |       |     4 |     5 |     4 |     1 ||    14
       Meat ration       |       |       |       |       |     1 |       |       ||     1
Armor: Leather armour    |    20 |       |       |       |       |       |       ||    20
       Ring mail         |    10 |    60 |    91 |   195 |    56 |       |       ||   412
       Plate armour      |       |       |       |       |   587 |   472 |       ||  1059
       Scale mail        |       |       |       |       |       |   366 |   192 ||   558
Dodge: Dodged            |    92 |   127 |   234 |   715 |   860 |  1257 |   491 ||  3776
       Deflected         |       |       |       |       |       |    15 |     5 ||    20
Block: Shield            |       |       |       |       |   335 |  1782 |   584 ||  2701
